 Dungeon Crawl Stone Soup version 0.31.0 (webtiles) character file.

Game seed: 11052940362857497416

49 CaptainMV the Ruffian (level 3, -1/31 HPs)
             Began as a Naga Shapeshifter on Jan 19, 2024.
             Slain by Crazy Yiuf
             ... wielding a +3 quarterstaff of chaos
              (13 damage)
             ... on level 2 of the Dungeon.
             The game lasted 00:05:33 (1134 turns).

CaptainMV the Ruffian (Naga Shapeshifter)           Turns: 1134, Time: 00:05:34

Health: -1/31      AC: -2    Str: 18    XL:     3   Next: 77%
Magic:  3/3        EV:  9    Int: 10    God:
Gold:   92         SH:  0    Dex: 10    Spells: 2/2 levels left

rFire   . .          .
                       - Unarmed
rCold   . . .        (no shield)
rNeg    . . .        a - +0 animal skin
rPois   +            (helmet currently unavailable)
rElec   .            (cloak currently unavailable)
rCorr   .            (gloves currently unavailable)
SInv    +            (no barding)
Will    .....        (no amulet)
Stlth   +            (no ring)
HPRegen 0.25/turn    (no ring)
MPRegen 0.08/turn

%: no passive effects
@: beast-form, corroded, very slow
A: beast (slay +2), AC +1, large, see invisible, deformed body, poison
resistance, slowness 2, spit poison 1, naga tail 1
a: Spit Poison, Begin Untransformation


You were on level 2 of the Dungeon.
You were a hulking beast.
You visited 1 branch of the dungeon, and saw 2 of its levels.

You collected 92 gold pieces.

Inventory:

Armour
 a - a +0 animal skin (worn)
Jewellery
 f - a ring of resist corrosion
Talismans
 c - a beast talisman
 d - a flux talisman
Scrolls
 e - a scroll of fear {unknown}
Potions
 b - 2 potions of lignification
 g - a potion of mutation {unknown}
 h - a potion of cancellation {unknown}


   Skills:
 + Level 1.2 Fighting
 + Level 1.6 Dodging
 + Level 0.3 Stealth
 + Level 3.7 Unarmed Combat
 + Level 3.6 Shapeshifting


You had 2 spell levels left.
You didn't know any spells.
Your spell library contained the following spells:

 Spells                   Type           Power      Damage    Failure   Level
 Stone Arrow              Conj/Erth      0%         3d7       75%         3
 Animate Armour           Summ/Erth      0%         N/A       98%         4
 Lehudib's Crystal Spear  Conj/Erth      0%         10d2      100%        8


Dungeon Overview and Level Annotations

Branches:
Dungeon (2/15)

Altars:

Shops:
D:2 [

Annotations:
D:2 Crazy Yiuf


Innate Abilities, Weirdness & Mutations

You are a hulking beast.
Your limbs bulge with bestial killing power. (Slay +2)
Your serpentine skin is tough. (AC +1)
You have supernaturally acute eyesight. (SInv)
Armour fits poorly on your strangely shaped body.
Your system is resistant to poisons. (rPois)
You cover ground very slowly.
You can spit poison.
You have a snake-like lower body.


Message History

Found an escape hatch in the ceiling.
There is an entrance to Oxasicl Qori's Armour Shop here.
You open the door.
There is an open door here.
Found a club.
Found a book of Armaments.
Found a hammer.
Found 3 gold pieces.
You pick up a book of Armaments and begin reading...
You add the spells Stone Arrow, Animate Armour and Lehudib's Crystal Spear to your library.
You now have 92 gold pieces (gained 3).
Found a hammer.
Found a hammer.
You see here a +0 hammer.
You see here a +0 hammer.
Found seven hammers.
Found a runed translucent door.
You see here a +0 hammer.
Found a hammer.
Crazy Yiuf shouts!
You see here a +0 hammer.
You see here a +0 hammer.
Found three hammers.
You see here a +0 hammer.
You open the door. You barely miss Crazy Yiuf.
Crazy Yiuf cries, "Hah!
Iron sing-song spinner."
Crazy Yiuf hits you with a +3 quarterstaff of chaos!
The acid corrodes you!
You closely miss Crazy Yiuf. Crazy Yiuf misses you.
You barely miss Crazy Yiuf.
Crazy Yiuf flaps his cloak.
Crazy Yiuf hits you with a +3 quarterstaff of chaos!
You hit Crazy Yiuf.
Crazy Yiuf is moderately wounded.
Crazy Yiuf barely misses you.
You hit Crazy Yiuf but do no damage.
Crazy Yiuf is moderately wounded.
Crazy Yiuf grits, "Ghoul!"
Crazy Yiuf hits you with a +3 quarterstaff of chaos!
You die...

##..####
#....#
♣....♣
♣♣..)♣
♣♣)♣♣
♣♣)♣
♣)♣♣
♣♣)♣
♣h♣♣ #g#
)))
#)))#
#).)#
#####


You could see Crazy Yiuf.

Vanquished Creatures
  A gnoll (D:1)
  3 dart slugs
  6 endoplasms
  A giant cockroach (D:1)
  A hobgoblin (D:2)
  5 kobolds
  3 quokkas (D:1)
  4 ball pythons
  5 bats (D:1)
  3 frilled lizards (D:1)
  A goblin (D:1)
  A rat (D:1)
34 creatures vanquished.

Notes
Turn   | Place    | Note
-------+----------+-------------------------------------------
     0 | D:1      | CaptainMV the Naga Shapeshifter began the quest for the
                  | Orb.
     0 | D:1      | Reached XP level 1. HP: 18/18 MP: 1/1
   152 | D:1      | Reached XP level 2. HP: 17/25 MP: 2/2
   727 | D:1      | Reached XP level 3. HP: 20/31 MP: 3/3
   737 | D:1      | Found a faded altar of an unknown god.
  1054 | D:2      | Found Oxasicl Qori's Armour Shop.
  1125 | D:2      | Found a runed translucent door.
  1126 | D:2      | Noticed Crazy Yiuf
  1134 | D:2      | Slain by Crazy Yiuf

Illustrated notes

Levels and vault maps discovered:
D:1:      dpeg_arrival_tiny_h, layout_basic,
          shapermc_ecumenical_altar_starsandcircs, grunt_decor_junction
D:2:      layout_loops_corners, serial_shops, nicolae_shop_hallway_stairs,
          basic_altar, uniq_crazy_yiuf_cottage

Action                     || total
---------------------------++-------
  Melee: Unarmed           ||    76
         Punch             ||     2
    Use: Scroll            ||     3
   Stab: Sleeping          ||     1
 Armour: Animal skin       ||    61
  Dodge: Dodged            ||    40
